 Dungeon Crawl Stone Soup version 0.23-a0-635-g88ca12a7de (console) character file.

2814 Harunobu the Basher (level 9, -9/97 HPs)
             Began as an Ogre Berserker on Dec 27, 2018.
             Was a High Priest of Trog.
             Killed by divine providence
             ... invoked by an orc priest
              (15 damage)
             ... on level 7 of the Dungeon.
             The game lasted 00:17:31 (8386 turns).

Harunobu the Basher (Ogre Berserker)                Turns: 8386, Time: 00:17:32

Health: -9/97      AC:  7    Str: 30    XL:     9   Next: 72%
Magic:  9/9        EV: 12    Int:  8    God:    Trog [*****.]
Gold:   330        SH:  0    Dex:  8    Spells: 8/8 levels left

rFire    + . .     SeeInvis .   j - +0 whip (freeze)
rCold    x . .     Gourm    .   (no shield)
rNeg     . . .     Faith    .   s - +2 robe {MR+}
rPois    .         Spirit   .   u - +1 hat
rElec    .         Reflect  .   k - +0 cloak
rCorr    .         Harm     .   (gloves unavailable)
MR       +....                  (boots unavailable)
Stlth    ++........             (no amulet)
HPRegen  0.26/turn              x - +4 ring of strength
MPRegen  0.11/turn              v - ring of fire

@: hasted, very quick
A: large, unfitting armour, tough skin 1
a: Berserk, Trog's Hand, Brothers in Arms, Renounce Religion


You were on level 7 of the Dungeon.
You worshipped Trog.
Trog was extremely pleased with you.
You were near starving.

You visited 1 branch of the dungeon, and saw 7 of its levels.

You collected 330 gold pieces.

Inventory:

Hand Weapons
 a - a +0 mace
 g - a +0 whip
 j - a +0 whip of freezing (weapon)
 o - a +1 giant spiked club
 D - a +0 dagger of speed
Armour
 b - a +0 animal skin
 k - a +0 cloak (worn)
 s - a +2 robe of magic resistance (worn)
 u - a +1 hat (worn)
Jewellery
 v - a ring of fire (right hand)
 x - a +4 ring of strength (left hand)
Wands
 d - a wand of digging (11)
 w - a wand of flame (29)
 C - a wand of enslavement (12)
Scrolls
 e - 2 scrolls of magic mapping
 f - 2 scrolls of enchant armour
 h - 4 scrolls of identify
 i - a scroll of teleportation
 l - 5 scrolls of remove curse
 n - a scroll of silence {unknown}
Potions
 p - a potion of haste
 q - a potion of ambrosia
 r - a potion of resistance
 t - a potion of brilliance
 z - a potion of mutation
 B - a potion of magic {unknown}
Comestibles
 c - 15 rations
 A - 9 chunks of flesh


   Skills:
 + Level 8.5 Fighting
 + Level 9.0 Maces & Flails
 + Level 6.4 Dodging
 + Level 2.4 Stealth


You had 8 spell levels left.
You didn't know any spells.
Your spell library contained the following spells:

 Spells                   Type           Power        Failure   Level  Hunger
 Corona                   Hex            #......      41%         1    ##.....
 Infusion                 Chrm           #...         41%         1    ##.....
 Ensorcelled Hibernation  Hex/Ice        #.....       54%         2    ###....
 Shroud of Golubria       Chrm/Tloc      #.........   54%         2    ###....
 Song of Slaying          Chrm           #.......     54%         2    ###....
 Confuse                  Hex            #.......     78%         3    ####...
 Dazzling Spray           Conj/Hex       #.....       78%         3    ####...
 Regeneration             Chrm/Necr      #.........   78%         3    ####...
 Spectral Weapon          Hex/Chrm       #.......     78%         3    ####...
 Tukima's Dance           Hex            #.......     78%         3    ####...


Dungeon Overview and Level Annotations

Branches:
Dungeon (7/15)             Temple (0/1) D:6

Altars:
Fedhas
Hepliaklqana
Ru
Uskayaw
Vehumet
Yredelemnul

Annotations:
D:7 Joseph, Menkaure


Innate Abilities, Weirdness & Mutations

You are too large for most types of armour.
You have tough skin. (AC +1)


Message History

You feel sick.
The orc priest moves out of view.
You feel yourself speed up.
You feel better.
The orc hits you with a +0 war axe of chopping!
* * * LOW HITPOINT WARNING * * *
x2 You feel better.
The orc hits you with a +0 war axe of chopping.
* * * LOW HITPOINT WARNING * * *
x2
Okay, then.
Okay, then.
You feel yourself speed up.
The orc hits you with a +0 war axe of chopping.
* * * LOW HITPOINT WARNING * * *
x2
Found a pair of gloves.
The orc priest shouts!
You hear a shout!
The orc priest casts a cantrip, but nothing happens.
You recover from your berserk rage.
The orc priest calls down the wrath of Beogh upon you.
Beogh smites you!
You die...

.........))W)o#.....)..#
..........###.#........#
...####.#####...รท......#
.......................#
...#........).....o....#
...#....:..o............>.
...######o.####...5#####..
#### ##.# ##.#.... .#.
#o### #@####. # #.M.# #.#
# #.##.#.###.####.# .
#......o.o........ #.
#####..###.##..### .# ##..
..# ## .. #.. ..# @.
#...... .. .....[. #


You could see an orc priest and an orc.

Vanquished Creatures
  Pikel (D:4)
  Sigmund (D:2)
  3 orc warriors
  2 sky beasts
  A black bear (D:6)
  A phantom (D:5)
  An ogre (D:4)
  3 bullfrogs (D:7)
  A scorpion (D:5)
  A water moccasin skeleton (D:7)
  A howler monkey (D:6)
  4 crimson imps
  A centaur zombie (D:7)
  6 hounds
  A jelly (D:5)
  5 orc priests
  7 orc wizards
  2 centaur skeletons (D:5)
  A gnoll shaman (D:6)
  A worker ant (D:6)
  A killer bee zombie (D:5)
  10 gnolls
  A howler monkey skeleton (D:5)
  8 adders
  A shadow imp (D:6)
  An adder zombie (D:5)
  6 worms
  2 dart slugs
  3 leopard geckos
  25 orcs
  8 bats
  19 giant cockroaches
  6 goblins
  9 hobgoblins
  13 jackals
  4 quokkas
  2 ball pythons
  7 frilled lizards
  6 kobolds
  5 rats
181 creatures vanquished.

Vanquished Creatures (others)
  A slave (D:5)
  An ogre (D:5)
  A bullfrog (D:5)
  A worker ant (D:5)
4 creatures vanquished.

Grand Total: 185 creatures vanquished

Notes
Turn   | Place    | Note
-------+----------+-------------------------------------------
     0 | D:1      | Harunobu the Ogre Berserker began the quest for the Orb.
     0 | D:1      | Reached XP level 1. HP: 24/24 MP: 1/1
    92 | D:1      | Reached XP level 2. HP: 31/32 MP: 2/2
   359 | D:1      | Reached skill level 3 in Maces & Flails
   664 | D:1      | Reached XP level 3. HP: 35/40 MP: 3/3
  1333 | D:2      | Reached ** piety under Trog
  1537 | D:2      | Reached XP level 4. HP: 49/49 MP: 4/4
  1542 | D:2      | Reached skill level 5 in Fighting
  1545 | D:2      | Reached XP level 5. HP: 57/57 MP: 5/5
  1573 | D:2      | HP: 2/57 [orc wizard/+0 dagger (5)]
  1591 | D:2      | Reached skill level 4 in Maces & Flails
  2010 | D:2      | You fall through a shaft for 2 floors!
  2075 | D:4      | Noticed an ogre
  2092 | D:4      | Killed an ogre
  2092 | D:4      | Reached XP level 6. HP: 66/66 MP: 6/6
  2329 | D:3      | Reached *** piety under Trog
  3326 | D:2      | Noticed Sigmund
  3339 | D:2      | Killed Sigmund
  3339 | D:2      | Reached skill level 5 in Maces & Flails
  3339 | D:2      | Reached XP level 7. HP: 36/75 MP: 7/7
  5077 | D:5      | Entered Level 5 of the Dungeon
  5094 | D:5      | Reached skill level 6 in Maces & Flails
  5094 | D:5      | Reached skill level 1 in Stealth
  5394 | D:5      | Noticed Pikel
  5406 | D:5      | Reached XP level 8. HP: 84/84 MP: 8/8
  5420 | D:4      | Killed Pikel
  5420 | D:4      | Reached skill level 7 in Maces & Flails
  5420 | D:4      | Reached skill level 5 in Dodging
  6030 | D:5      | Reached **** piety under Trog
  6155 | D:5      | Found a radiant altar of Vehumet.
  6334 | D:5      | Found a sacrificial altar of Ru.
  6532 | D:6      | Found a staircase to the Ecumenical Temple.
  6795 | D:6      | Reached skill level 8 in Maces & Flails
  6795 | D:6      | Reached XP level 9. HP: 82/93 MP: 9/9
  6954 | D:6      | Found a hide-covered altar of Uskayaw.
  7161 | D:6      | Found a basalt altar of Yredelemnul.
  7161 | D:6      | Found a blossoming altar of Fedhas.
  7271 | D:6      | Found a hazy altar of Hepliaklqana.
  7925 | D:7      | Noticed Joseph
  8337 | D:7      | Reached ***** piety under Trog
  8358 | D:7      | Reached skill level 9 in Maces & Flails
  8367 | D:7      | Noticed Menkaure
  8376 | D:7      | HP: 2/97 [orc/+0 war axe of chopping (12)]
  8386 | D:7      | Killed from afar by an orc priest

Vault maps used:
D:1:      evilmike_arrival_rings, serial_bayou_pond_a, serial_bayou_pond_d,
          serial_bayou_ford_a, minmay_box_of_dots
D:2:      minmay_roachtagon, uniq_sigmund
D:3:      palyth_stone_intersect
D:4:      grunt_ministairs_10, serial_bayou_pond_c
D:5:      overflow_temple_1_default, first_ration,
          nicolae_ru_the_path_less_chosen, uniq_pikel
D:6:      amethyst_overflow_temple_binary, gammafunk_temple_overflow_wave,
          minmay_temple_entry_purple_smoke, columned_hall_lemuel
D:7:      grunt_temple_overflow_opulence, lemuel_round_altar, led_sif_pool,
          uniq_crazy_yiuf_cottage, uniq_joseph, uniq_menkaure

Skill      XL: |  1  2  3  4  5  6  7  8  9 |
---------------+----------------------------+-----
Dodging        | 3 4 5 6 |  6.4
Maces & Flails | 3 4 5 6 8 9 |  9.0
Fighting       | 5 6 7 8 |  8.5
Stealth        | 1 2 |  2.4

Action                   |  1- 3 |  4- 6 |  7- 9 || total
-------------------------+-------+-------+-------++-------
Melee: Mace              |    22 |       |       ||    22
       Whip              |   120 |    82 |   284 ||   486
       Giant spiked club |       |   137 |   163 ||   300
Invok: Berserk           |     4 |     7 |    13 ||    24
  Use: Potion            |       |     1 |     4 ||     5
       Scroll            |       |       |    18 ||    18
 Stab: Sleeping          |       |       |     4 ||     4
  Eat: Chunk             |     5 |    12 |    27 ||    44
       Ration            |       |       |     1 ||     1
Armor: Animal skin       |    45 |   110 |       ||   155
       Robe              |       |       |   153 ||   153
       Skin              |       |       |     1 ||     1
Dodge: Dodged            |    79 |   192 |   257 ||   528

Table legend:
 A = Non-vault XP
 B = Vault XP
 C = Vault XP percentage of total XP
 D = Non-vault monster count
 E = Vault monster count
 F = Vault count percentage of total count
                 A         B        C        D         E       F
            +---------+---------+-------+---------+---------+-------
      Total |    3167 |     853 |  21.2 |     167 |      14 |   7.7
            +---------+---------+-------+---------+---------+-------
        D:1 |      44 |       0 |   0.0 |      24 |       0 |   0.0
        D:2 |     207 |     236 |  53.3 |      29 |      13 |  31.0
        D:3 |     304 |       0 |   0.0 |      47 |       0 |   0.0
        D:4 |     166 |     617 |  78.8 |       4 |       1 |  20.0
        D:5 |     557 |       0 |   0.0 |      17 |       0 |   0.0
        D:6 |     920 |       0 |   0.0 |      28 |       0 |   0.0
        D:7 |     969 |       0 |   0.0 |      18 |       0 |   0.0
            +---------+---------+-------+---------+---------+-------
